Map: Abyssal Reef LE

Players

Winthrowe - Winner!

  • Race: Protoss Protoss
  • League: Silver
  • Spawn Location: 5:00

A.I. 1 (Hard)

  • Race: Protoss Protoss
  • Spawn Location: 11:00

VOD

Have the link to the VOD?

Description

Time

  • Played on: Sept. 2, 2017, 2:40 p.m.
  • Length: 19:30
Show
View Real Time Build Order
Export as new Build Order

Winthrowe Protoss - Winner!

Build Orders: Double Forge 

Get SALT Encoding   

  12  0:02  Probe (Chrono Boost)  
  13  0:13  Probe (Chrono Boost)  
  14  0:20  Pylon  
  14  0:23  Probe (Chrono Boost)  
  15  0:46  Gateway  
  15  0:48  Assimilator  
  15  0:49  Probe (Chrono Boost)  
  16  1:00  Probe (Chrono Boost)  
  17  1:10  Probe (Chrono Boost)  
  18  1:21  Probe (Chrono Boost)  
  19  1:37  Pylon  
  19  1:41  Probe (Chrono Boost)  
  21  1:54  Probe (Chrono Boost)  
  21  1:59  Nexus  
  21  2:11  Cybernetics Core  
  21  2:14  Probe (Chrono Boost)  
  22  2:16  Assimilator  
  22  2:25  Zealot, Probe (Chrono Boost)  
  25  2:35  Probe (Chrono Boost)  
  26  2:46  Pylon  
  26  2:51  Probe (Chrono Boost)  
  27  3:01  Probe (Chrono Boost)  
  27  3:05  Warp Gate  
  28  3:22  Gateway  
  28  3:23  Gateway, Probe (Chrono Boost)  
  28  3:24  Probe (Chrono Boost)  
  28  3:25  Gateway  
  31  3:34  Probe x2 (Chrono Boost)  
  32  3:47  Twilight Council  
  32  3:51  Forge  
  32  3:52  Forge  
  32  3:54  Probe (Chrono Boost)  
  32  3:55  Probe (Chrono Boost)  
  34  4:05  Probe x2 (Chrono Boost)  
  36  4:15  Adept x3  
  36  4:16  Adept, Mothership Core (Chrono Boost)  
  46  4:28  Probe (Chrono Boost)  
  47  4:34  Probe (Chrono Boost)  
  48  4:51  Probe x2 (Chrono Boost)  
  48  4:52  Assimilator, Nexus  
  50  4:54  Assimilator  
  50  5:01  Probe (Chrono Boost)  
  50  5:02  Probe (Chrono Boost)  
  48  5:12  Mothership Core (Chrono Boost)  
  46  5:18  Adept  
  46  5:19  Adept  
  46  5:47  Pylon  
  46  5:50  Pylon  
  46  5:59  Stalker x2  
  52  6:33  Probe x2 (Chrono Boost)  
  52  6:41  Gateway  
  52  6:43  Gateway, Probe x2 (Chrono Boost)  
  52  6:46  Gateway  
  54  6:47  Gateway  
  54  6:53  Gateway  
  54  6:54  Gateway  
  54  7:00  Pylon  
  54  7:02  Pylon  
  54  7:06  Pylon  
  54  7:11  Probe x3 (Chrono Boost)  
  57  7:20  Stalker, Pylon  
  57  7:21  Stalker, Probe (Chrono Boost)  
  57  7:22  Probe x2 (Chrono Boost)  
  64  7:23  Stalker, Pylon  
  64  7:26  Pylon  
  64  7:27  Stalker  
  68  7:32  Probe x3 (Chrono Boost)  
  71  7:42  Probe (Chrono Boost)  
  71  7:43  Probe x2 (Chrono Boost)  
  74  7:51  Robotics Facility  
  74  7:53  Probe x3 (Chrono Boost)  
  74  7:57  Sentry  
  74  7:58  Sentry x2  
  81  8:00  Sentry  
  81  8:05  Stalker x2  
  87  8:06  Stalker  
  87  8:07  Stalker x3  
  95  8:34  Stargate  
  95  8:35  Stargate  
  93  8:54  Stalker x2  
  93  8:55  Stalker x4  
  105  8:58  Stalker  
  105  9:01  Zealot x3  
  103  9:49  Probe (Chrono Boost)  
  103  9:50  Probe x2 (Chrono Boost)  
  103  10:00  Probe x2 (Chrono Boost)  
  103  10:01  Probe (Chrono Boost)  
  105  10:10  Probe (Chrono Boost)  
  105  10:11  Mothership Core (Chrono Boost)  
  98  10:34  Zealot x4  
  98  10:35  Zealot x4  
  110  10:36  Zealot x2  
  110  10:43  Pylon  
  110  10:45  Pylon  
  88  11:04  Gateway  
  88  11:14  Void Ray x2  
  88  11:23  Stalker x2  
  88  11:24  Stalker x3  
  88  11:25  Stalker  
  98  11:28  Zealot  
  98  11:29  Zealot x3  
  80  11:54  Stalker x4  
  76  11:55  Stalker  
  76  11:56  Void Ray, Stalker x2  
  76  11:57  Void Ray  
  96  12:10  Assimilator  
  96  12:14  Assimilator  
  96  12:22  Nexus  
  96  12:26  Mothership Core (Chrono Boost)  
  96  12:27  Probe x2 (Chrono Boost)  
  99  12:37  Probe (Chrono Boost)  
  99  12:38  Probe (Chrono Boost)  
  99  12:39  Void Ray x2  
  109  12:44  Probe (Chrono Boost)  
  109  12:48  Stalker x3, Probe x2 (Chrono Boost)  
  109  12:49  Stalker x3  
  109  12:50  Stalker  
  124  12:52  Nexus  
  124  12:55  Probe (Chrono Boost)  
  126  12:58  Probe (Chrono Boost)  
  126  12:59  Probe (Chrono Boost)  
  128  13:05  Probe (Chrono Boost)  
  128  13:18  Probe (Chrono Boost)  
  128  13:19  Probe x2 (Chrono Boost)  
  131  13:29  Probe x2 (Chrono Boost)  
  131  13:33  Void Ray x2  
  131  13:34  Probe (Chrono Boost)  
  142  13:39  Probe (Chrono Boost)  
  142  13:40  Probe (Chrono Boost)  
  144  13:46  Pylon  
  144  13:48  Fleet Beacon  
  144  13:50  Pylon  
  144  13:52  Pylon  
  144  14:16  Void Ray  
  148  14:22  Observer  
  135  14:43  Warp Prism  
  117  15:58  Carrier x2  
  129  16:06  Zealot  
  129  16:07  Zealot x5  
  129  16:08  Zealot x4  
  155  16:33  Zealot x2  
  155  16:34  Zealot x4  
  155  16:35  Zealot x2  
  155  16:36  Zealot x2  
  175  16:41  Protoss Ground Armor Level 1  
  175  16:56  Zealot x4  
  183  17:10  Zealot x2  
  187  17:20  Pylon  
  187  17:23  Pylon  
  187  17:30  Pylon  
  187  17:37  Pylon  
  187  17:38  Carrier  
  187  17:40  Carrier  
  187  17:43  Charge  
Show
View Real Time Build Order
Export as new Build Order

A.I. 1 (Hard) Protoss 

Build Orders:  

Get SALT Encoding   

  12  0:01  Probe (Chrono Boost)  
  13  0:11  Probe (Chrono Boost)  
  14  0:19  Pylon  
  14  0:22  Probe (Chrono Boost)  
  15  0:37  Probe (Chrono Boost)  
  15  0:39  Gateway  
  16  0:46  Assimilator  
  16  0:48  Probe (Chrono Boost)  
  17  0:58  Probe (Chrono Boost)  
  17  1:00  Pylon  
  18  1:09  Probe (Chrono Boost)  
  19  1:22  Probe (Chrono Boost)  
  19  1:24  Zealot  
  20  1:29  Cybernetics Core  
  22  1:43  Gateway  
  22  1:57  Pylon  
  22  2:01  Warp Gate  
  22  2:04  Stalker  
  24  2:17  Probe (Chrono Boost)  
  25  2:25  Assimilator  
  25  2:28  Probe (Chrono Boost)  
  26  2:34  Stalker x2  
  30  2:39  Forge  
  30  2:40  Probe (Chrono Boost)  
  31  2:47  Pylon  
  32  2:51  Probe (Chrono Boost)  
  32  3:02  Adept  
  32  3:03  Probe (Chrono Boost)  
  35  3:14  Probe (Chrono Boost)  
  36  4:13  Protoss Ground Weapons Level 1  
  36  4:19  Adept  
  36  4:22  Photon Cannon  
  36  4:24  Pylon  
  38  4:26  Photon Cannon  
  38  4:28  Zealot  
  40  4:38  Adept  
  42  4:41  Nexus  
  42  4:44  Robotics Facility  
  42  4:48  Sentry  
  42  4:49  Pylon  
  44  4:57  Adept  
  42  5:11  Zealot  
  44  5:19  Stargate  
  44  5:20  Adept  
  44  5:30  Stalker  
  44  5:31  Observer  
  47  5:37  Gateway  
  47  5:39  Adept  
  49  5:47  Forge  
  49  5:52  Observer, Twilight Council  
  49  5:54  Probe (Chrono Boost)  
  49  5:56  Protoss Ground Armor Level 1  
  52  5:57  Probe (Chrono Boost)  
  52  6:02  Pylon  
  52  6:05  Probe (Chrono Boost)  
  52  6:08  Probe (Chrono Boost)  
  54  6:16  Probe (Chrono Boost)  
  54  6:17  Pylon  
  55  6:19  Probe (Chrono Boost)  
  56  6:27  Probe (Chrono Boost)  
  56  6:30  Probe (Chrono Boost)  
  58  6:39  Probe (Chrono Boost)  
  59  6:40  Photon Cannon  
  59  6:41  Probe (Chrono Boost)  
  59  6:44  Photon Cannon  
  60  6:50  Probe (Chrono Boost)  
  60  6:52  Probe (Chrono Boost)  
  61  7:01  Probe (Chrono Boost)  
  62  7:03  Probe (Chrono Boost)  
  63  7:12  Probe (Chrono Boost)  
  63  7:14  Probe (Chrono Boost)  
  65  7:18  Assimilator  
  66  7:23  Assimilator, Probe (Chrono Boost)  
  66  7:25  Probe (Chrono Boost)  
  67  7:34  Probe (Chrono Boost)  
  67  7:36  Probe (Chrono Boost)  
  69  7:45  Probe (Chrono Boost)  
  69  7:47  Probe (Chrono Boost)  
  71  7:56  Probe (Chrono Boost)  
  72  7:59  Void Ray, Warp Prism  
  78  8:08  Zealot  
  78  8:12  Nexus, Pylon  
  80  8:14  Zealot  
  82  8:27  Stalker  
  82  8:33  Stalker, Warp Prism  
  84  8:39  Sentry  
  72  8:41  Stargate  
  68  8:48  Zealot  
  68  8:54  Stalker  
  72  8:57  Protoss Ground Weapons Level 2  
  72  9:00  Stalker  
  74  9:05  Void Ray, Protoss Ground Armor Level 2  
  74  9:09  Observer  
  79  9:12  Stalker  
  81  9:18  Sentry  
  81  9:24  Stalker  
  85  9:28  Warp Prism  
  79  9:34  Zealot  
  79  9:37  Assimilator  
  69  9:40  Zealot, Gateway  
  69  9:45  Zealot  
  73  9:53  Stalker  
  73  9:54  Void Ray  
  79  10:00  Stalker  
  79  10:04  Stalker  
  68  10:15  Zealot  
  55  10:22  Zealot  
  55  10:26  Stalker  
  59  10:33  Zealot  
  59  10:48  Zealot  
  59  10:49  Probe (Chrono Boost)  
  54  10:51  Robotics Facility, Probe (Chrono Boost)  
  55  10:58  Nexus  
  55  11:00  Probe (Chrono Boost)  
  55  11:03  Probe (Chrono Boost)  
  57  11:08  Zealot  
  57  11:11  Probe (Chrono Boost)  
  60  11:14  Probe (Chrono Boost)  
  55  11:22  Zealot, Probe (Chrono Boost)  
  58  11:27  Adept  
  58  11:31  Probe (Chrono Boost)  
  61  11:34  Probe (Chrono Boost)  
  60  11:41  Adept  
  60  11:42  Probe (Chrono Boost)  
  60  11:45  Probe (Chrono Boost)  
  60  11:51  Adept  
  60  11:54  Probe (Chrono Boost)  
  61  11:56  Probe (Chrono Boost)  
  61  11:58  Zealot  
  64  12:02  Zealot  
  64  12:07  Adept  
  68  12:12  Adept  
  70  12:18  Adept  
  72  12:25  Adept  
  74  12:32  Stalker  
  76  12:39  Stalker  
  78  12:45  Stalker  
  78  12:48  Sentry  
  74  12:52  Sentry  
  74  12:59  Stalker  
  76  13:06  Stalker  
  76  13:12  Immortal  
  82  13:25  Void Ray  
  82  13:32  Probe (Chrono Boost)  
  87  13:35  Probe (Chrono Boost)  
  87  13:37  Probe (Chrono Boost)  
  89  13:43  Probe (Chrono Boost)  
  89  13:48  Probe (Chrono Boost)  
  91  13:49  Pylon  
  91  13:51  Probe (Chrono Boost)  
  91  13:54  Probe (Chrono Boost)  
  93  13:59  Probe (Chrono Boost), Protoss Shields Level 1  
  93  14:02  Probe (Chrono Boost)  
  95  14:05  Probe (Chrono Boost)  
  97  14:10  Probe (Chrono Boost)  
  97  14:20  Pylon, Probe (Chrono Boost)  
  97  14:22  Probe (Chrono Boost)  
  97  14:24  Probe (Chrono Boost)  
  100  14:30  Nexus, Probe (Chrono Boost)  
  81  14:41  Stalker  
  69  14:48  Robotics Bay  
  61  14:55  Zealot  
  63  15:00  Stalker  
  63  15:04  Stalker  
  63  15:07  Stalker  
  63  15:13  Zealot  
  58  15:21  Stalker  
  58  15:25  Stalker  
  57  15:29  Zealot  
  57  15:34  Stalker  
  57  15:36  Disruptor  
  55  15:46  Zealot  
  57  15:50  Stalker  
  43  16:05  Stalker  
  43  16:06  Void Ray  
  43  16:13  Stalker  
  43  16:16  Stalker  
  45  16:22  Zealot  
  44  16:27  Stalker  
  42  16:39  Stalker  
  33  16:42  Zealot  
  13  17:01  Nexus  
  13  17:07  Pylon  
  9  17:38  Nexus  
  9  17:47  Probe (Chrono Boost)  
  10  17:58  Probe (Chrono Boost)  
  11  18:03  Pylon  
  11  18:08  Probe (Chrono Boost)  
  12  18:21  Gateway  
  12  19:10  Nexus  
Tags
 
League
Silver
Matchup
PvP
Spawn Locations
Cross Positions
Add a new tag
Caveats
  • Supply blocks, unpowered buildings, or Contaminate may cause inaccurate times.
  • Supply counts are checked every 10 seconds.